 Dungeon Crawl Stone Soup version 0.24-a0-441-g27f0392e16 (webtiles) character file.

Game seed: 12177856262516134731

133 Ijustatesigmund the Skirmisher (level 5, 0/59 HPs)
             Began as an Ogre Hunter on June 19, 2019.
             Succumbed to an adder's poison
             ... on level 2 of the Dungeon.
             The game lasted 00:03:50 (2611 turns).

Ijustatesigmund the Skirmisher (Ogre Hunter)        Turns: 2611, Time: 00:03:50

Health: 0/59       AC:  3    Str: 16    XL:     5   Next: 16%
Magic:  5/5        EV:  7    Int: 12    God:
Gold:   72         SH:  6    Dex:  8    Spells: 4/4 levels left

rFire    . . .     SeeInvis .   a - +1 mace
rCold    + . .     Gourm    .   g - +0 shield
rNeg     . . .     Faith    .   b - +0 robe
rPois    .         Spirit   .   (helmet restricted)
rElec    .         Reflect  .   (no cloak)
rCorr    .         Harm     .   (gloves unavailable)
MR       .....     Rnd*Tele +   (boots unavailable)
Stlth    +.........             (no amulet)
HPRegen  0.19/turn              (no ring)
MPRegen  0.09/turn              (no ring)

@: lethally poisoned (0 -> -5)
A: large, unfitting armour, clumsy 1, cold resistance 1, teleportitis 1, tough
skin 1
a: no special abilities


You were on level 2 of the Dungeon.
You were hungry.

You visited 1 branch of the dungeon, and saw 3 of its levels.

You collected 72 gold pieces.

Inventory:

Hand Weapons
 a - a +1 mace (weapon)
Missiles
 c - 2 large rocks (quivered)
Armour
 b - a +0 robe (worn)
 g - a +0 shield (worn)
Scrolls
 e - a scroll of teleportation
Potions
 h - 2 potions of flight
Comestibles
 f - 3 rations


   Skills:
 + Level 5.9 Fighting
 * Level 2.1 Maces & Flails
 - Level 4.0 Throwing
 - Level 1.7 Dodging
 - Level 0.6 Stealth


You had 4 spell levels left.
You didn't know any spells.
Your spell library was empty.

Dungeon Overview and Level Annotations

Branches:
Dungeon (3/15)

Altars:
Ashenzari
Nemelex Xobeh
Zin
The Shining One


Innate Abilities, Weirdness & Mutations

You are too large for most types of armour.
You have tough skin. (AC +1)
You are clumsy. (Dex -2)
Your flesh is cold resistant. (rC+)
You are occasionally teleported next to monsters.


Message History

Press: ? - help, Shift-Dir - straight line, f/p - adder
Aim: an adder (heavily wounded)
You throw a large rock.
The large rock hits the adder but does no damage.
The adder is heavily wounded.
* * * LOW HITPOINT WARNING * * *
You feel sick. The adder barely misses you.
The adder bites you but does no damage.
You sock the adder!
You kill the adder!
* * * LOW HITPOINT WARNING * * *
You feel sick.
* * * LOW HITPOINT WARNING * * *
You feel sick.
You see here a large rock.
Okay, then.
There is a lethal amount of poison in your body!
* * * LOW HITPOINT WARNING * * *
You feel sick.
You die...

#...# #####.###
####.#### #.......#####
#.......# #.#..........
#.##.##.####.#......####
#.##......##.#...#.##._.
#.#####.#.##........##'#
#.# #.#......<........
#.#####>...........8....
#.....(@.⌠..P....#...8.8
#######.....≈......#....
####.....≈P.#.######.
#.....#..P..#.# #..
##....##'...##.### #.#
#....##_##.......###.#
#.#...###...##.#......
#...#..#..###...######
##........##.....#


There were no monsters in sight!

Vanquished Creatures
  Terence (D:2)
  Jessica (D:2)
  3 adders (D:2)
  An ooze (D:2)
  A worm (D:2)
  A dart slug (D:1)
  A leopard gecko (D:2)
  An orc (D:2)
  A giant cockroach (D:1)
  6 goblins
  A hobgoblin (D:1)
  6 jackals (D:2)
  2 ball pythons
  4 bats (D:1)
  7 frilled lizards
  4 kobolds (D:1)
  5 rats
46 creatures vanquished.

Notes
Turn   | Place    | Note
-------+----------+-------------------------------------------
     0 | D:1      | Ijustatesigmund the Ogre Hunter began the quest for the
                  | Orb.
     0 | D:1      | Reached XP level 1. HP: 22/22 MP: 1/1
    14 | D:1      | Reached skill level 3 in Fighting
   355 | D:1      | Reached XP level 2. HP: 32/32 MP: 2/2
   479 | D:1      | Reached skill level 4 in Fighting
  1029 | D:2      | Reached XP level 3. HP: 40/40 MP: 3/3
  1056 | D:2      | Noticed Terence
  1091 | D:2      | Killed Terence
  1091 | D:2      | Reached skill level 5 in Fighting
  1367 | D:2      | Reached XP level 4. HP: 48/50 MP: 4/4
  1569 | D:2      | Noticed Jessica
  1573 | D:2      | Killed Jessica
  1573 | D:2      | Reached skill level 1 in Maces & Flails
  1608 | D:2      | Found a shattered altar of Ashenzari.
  1767 | D:2      | Found a glowing silver altar of Zin.
  2288 | D:2      | Found a sparkling altar of Nemelex Xobeh.
  2306 | D:2      | Reached XP level 5. HP: 56/59 MP: 5/5
  2469 | D:2      | Found a glowing golden altar of the Shining One.
  2602 | D:2      | Gained mutation: You are occasionally teleported next to
                  | monsters. [potion of mutation]
  2602 | D:2      | Gained mutation: You are clumsy. (Dex -2) [potion of
                  | mutation]
  2602 | D:2      | Gained mutation: Your flesh is cold resistant. (rC+)
                  | [potion of mutation]
  2607 | D:2      | HP: 2/59 [poisoned by an adder]
  2611 | D:2      | Succumbed to an adder's poison

Levels and vault maps discovered:
D:1:      wander_arrival_abandoned_jail, layout_loops_ring
D:2:      layout_loops_corners, zin_statuary, tso_oasis_becter,
          ashenzari_conservatory_becter, nemelex_dance_club_becter,
          uniq_jessica, uniq_terence
D:3:      layout_basic, minmay_circle_x

Skill      XL: |  1  2  3  4  5 |
---------------+----------------+-----
Fighting       | 3 4 5 |  5.9
Maces & Flails | 1 2 |  2.1
Throwing       | |  4.0
Dodging        | |  1.7
Stealth        | |  0.6

Action                   |  1- 3 |  4- 6 || total
-------------------------+-------+-------++-------
Melee: Short sword       |   106 |       ||   106
       Mace              |     8 |    59 ||    67
Throw: Large rock        |     7 |     3 ||    10
       Throwing net      |     3 |       ||     3
  Use: Scroll            |     4 |     1 ||     5
       Potion            |     2 |     1 ||     3
 Stab: Sleeping          |     2 |       ||     2
       Held in net/web   |     1 |       ||     1
  Eat: Chunk             |     1 |     4 ||     5
Armor: Robe              |    42 |    20 ||    62
Dodge: Dodged            |    58 |    21 ||    79
Block: Shield            |    12 |    15 ||    27

Table legend:
 A = Non-vault XP
 B = Vault XP
 C = Vault XP percentage of total XP
 D = Non-vault monster count
 E = Vault monster count
 F = Vault count percentage of total count
                 A         B        C        D         E       F
            +---------+---------+-------+---------+---------+-------
      Total |     106 |      85 |  44.5 |      42 |       4 |   8.7
            +---------+---------+-------+---------+---------+-------
        D:1 |      33 |       0 |   0.0 |      21 |       0 |   0.0
        D:2 |      73 |      85 |  53.8 |      21 |       4 |  16.0
            +---------+---------+-------+---------+---------+-------
